 Dungeon Crawl Stone Soup version 0.28-a0-1206-g193881aaa2 (webtiles) character file.

Game seed: 6656079649267579294

84 Crownlay the Chopper (level 4, -10/39 HPs)
             Began as a Hill Orc Fighter on Dec 20, 2021.
             Mangled by an ogre (26 damage)
             ... on level 4 of the Dungeon.
             The game lasted 00:03:33 (2201 turns).

Crownlay the Chopper (Hill Orc Fighter)             Turns: 2201, Time: 00:03:34

Health: -10/39     AC:  8    Str: 20    XL:     4   Next: 45%
Magic:  4/4        EV:  9    Int:  8    God:
Gold:   112        SH:  4    Dex: 10    Spells: 3/3 levels left

rFire   . . .      SeeInvis .   a - +0 war axe
rCold   . . .      Faith    .   c - +0 buckler
rNeg    . . .      Spirit   .   b - +0 scale mail
rPois   .          Reflect  .   (no helmet)
rElec   .          Harm     .   (no cloak)
rCorr   .          Rampage  .   (no gloves)
Will    .....                   i - +0 pair of boots
Stlth   ..........              (no amulet)
HPRegen 0.13/turn               (no ring)
MPRegen 0.09/turn               (no ring)

@: no status effects
A: no striking features
a: no special abilities


You were on level 4 of the Dungeon.
You visited 1 branch of the dungeon, and saw 4 of its levels.

You collected 112 gold pieces.

Inventory:

Hand Weapons
 a - a +0 war axe (weapon)
Missiles
 n - 9 poisoned darts (quivered)
 r - 2 boomerangs
Armour
 b - a +0 scale mail (worn)
 c - a +0 buckler (worn)
 i - a +0 pair of boots (worn)
Scrolls
 e - 2 scrolls of brand weapon {unknown}
 f - a scroll of summoning {unknown}
 h - a scroll of identify {unknown}
 j - 2 scrolls of fog {unknown}
 k - a scroll of teleportation {unknown}
 l - a scroll of silence {unknown}
 q - a scroll of noise {unknown}
Potions
 d - a potion of might
 g - 2 potions of haste {unknown}
 m - 2 potions of lignification {unknown}
 o - 2 potions of curing {unknown}
 p - a potion of ambrosia {unknown}


   Skills:
 - Level 3.6 Fighting
 * Level 5.4 Axes
 - Level 3.2 Armour
 - Level 4.0 Shields


You had 3 spell levels left.
You didn't know any spells.
Your spell library contained the following spells:

 Spells                   Type           Power      Damage    Failure   Level
 Ensorcelled Hibernation  Hex/Ice        0%         N/A       88%         2
 Spider Form              Tmut/Pois      0%         N/A       98%         3


Dungeon Overview and Level Annotations

Branches:
Dungeon (4/15)
 Temple: D:4-7

Altars:
Hepliaklqana

Shops:
D:2 (


Message History

The poisoned dart barely misses the ball python.
The ball python hisses angrily.
You throw a poisoned dart. The poisoned dart hits the ball python.
You closely miss the ball python. The ball python bites you.
The ball python grabs you. The ball python constricts you.
The ball python barely misses you. The ball python constricts you.
You throw a poisoned dart. The poisoned dart hits the ball python.
The ball python is poisoned.
The ball python barely misses you. The ball python constricts you.
You throw a poisoned dart. The poisoned dart hits the ball python.
The ball python looks even sicker.
The ball python is heavily wounded.
The ball python bites you but does no damage.
The ball python constricts you.
You throw a poisoned dart. The poisoned dart hits the ball python.
The ball python looks even sicker.
The ball python is heavily wounded.
The ball python bites you. The ball python constricts you.
You throw a poisoned dart. The poisoned dart hits the ball python.
The ball python looks as sick as possible!
The ball python is heavily wounded.
The ball python bites you but does no damage.
The ball python constricts you.
The ball python bites you but does no damage.
The ball python constricts you.
You throw a poisoned dart. The poisoned dart hits the ball python.
The ball python looks as sick as possible!
The ball python is severely wounded.
You kill the ball python!
You throw a poisoned dart. The poisoned dart hits the ogre.
The ogre is poisoned.
The ogre hits you with a +0 giant club!!
You are too injured to fight recklessly!
You are too injured to fight recklessly!
You are too injured to fight recklessly!
You hit the ogre.
The ogre is lightly wounded.
The ogre hits you with a +0 giant club!!
Ouch! That really hurt!
You die...

#######.# #.......#
#(...... #......
..... .(. #O# # #@#
....###.####
#.......## #.##.#...#
# #.#...# ### ###
#.....###<# #♣.♣≈
#.........###♣...♣
..............'.._.8
...#.###########♣...♣


You could see an ogre (poisoned).

Vanquished Creatures
  A gnoll (D:1)
  An adder (D:2)
  2 dart slugs (D:2)
  An orc (D:3)
  5 ball pythons
  4 endoplasms
  4 giant cockroaches
  12 goblins
  4 hobgoblins
  2 jackals (D:3)
  4 kobolds
  A quokka (D:2)
  4 bats
  2 frilled lizards
  4 rats
51 creatures vanquished.

Notes
Turn   | Place    | Note
-------+----------+-------------------------------------------
     0 | D:1      | Crownlay the Hill Orc Fighter began the quest for the Orb.
     0 | D:1      | Reached XP level 1. HP: 19/19 MP: 1/1
    16 | D:1      | Reached skill level 3 in Axes
    35 | D:1      | Reached XP level 2. HP: 3/26 MP: 2/2
   578 | D:1      | Reached XP level 3. HP: 31/31 MP: 3/3
  1014 | D:2      | Reached skill level 4 in Axes
  1519 | D:2      | Reached XP level 4. HP: 39/39 MP: 4/4
  1622 | D:2      | Found Nurien's Antique Weapon Shoppe.
  1649 | D:2      | Reached skill level 5 in Axes
  1869 | D:3      | Found a faded altar of an unknown god.
  2167 | D:4      | Found a hazy altar of Hepliaklqana.
  2191 | D:4      | Noticed an ogre
  2201 | D:4      | Mangled by an ogre

Illustrated notes

Levels and vault maps discovered:
D:1:      dpeg_arrival_shrine, layout_rooms
D:2:      layout_rooms, serial_shops, nicolae_shop_behind_doors
D:3:      layout_basic, hellmonk_ecumenical_altar_dog_temple,
          amcnicky_mini_corridor_feature
D:4:      layout_basic, worldfamousw_hep_ancestral_shrine,
          okawaru_ov_weapons_minmay, uniq_crazy_yiuf_cottage, uniq_natasha

Skill      XL: |  1  2  3  4 |
---------------+-------------+-----
Axes           | 3 4 5 |  5.4
Shields        | 4 |  4.0
Fighting       | |  3.6
Armour         | |  3.2

Action                   |  1- 3 |  4- 6 || total
-------------------------+-------+-------++-------
Melee: War axe           |    82 |    41 ||   123
Throw: Dart              |       |    27 ||    27
Armor: Scale mail        |    29 |    29 ||    58
Dodge: Dodged            |    34 |    26 ||    60
Block: Buckler           |    20 |     5 ||    25

Table legend: (Time is in decaauts)
 A = Elapsed time spent in this place.
 B = Non-inter-level travel time spent in this place.
 C = Inter-level travel time spent in this place.
 D = Time resting spent in this place.
 E = Time spent auto-exploring this place.
 F = Levels seen in this place.
 G = Mean time per level.
                   A        B        C        D        E       F      G
               +--------+--------+--------+--------+--------+-----+--------+
         Total |   2235 |   2163 |     72 |      0 |   1809 |   4 |  558.8 |
       Dungeon |   2235 |   2163 |     72 |      0 |   1809 |   4 |  558.8 |
               +--------+--------+--------+--------+--------+-----+--------+

Top non-repeatable levels by time:
     D:1: 1014 daAuts
     D:2: 699 daAuts
     D:3: 481 daAuts
     D:4: 40 daAuts
